 Dungeon Crawl Stone Soup version 0.32-a0-975-g85d4e5bfdb (webtiles) character file.

Game seed: 3622159779651571811

36 araganzar the Poker (level 3, 22/28 HPs)
             Began as a Demonspawn Reaver on Apr 18, 2024.
             Quit the game on level 2 of the Dungeon.
             The game lasted 00:02:03 (1123 turns).

araganzar the Poker (Demonspawn Reaver)             Turns: 1123, Time: 00:02:04

Health: 22/28      AC:  3    Str: 12    XL:     3   Next: 19%
Magic:  6/6        EV: 10    Int: 15    God:
Gold:   76         SH:  0    Dex: 11    Spells: 5/6 levels left

rFire   . . .        a - +0 spear
rCold   . . .        (no shield)
rNeg    . . .        b - +0 leather armour
rPois   .            (no helmet)
rElec   .            (no cloak)
rCorr   .            (no gloves)
SInv    .            (no boots)
Will    .....        (no amulet)
Stlth   +            (no ring)
HPRegen 0.24/turn    (no ring)
MPRegen 0.10/turn

%: no passive effects
@: no status effects
A: demonic magic 1, weakness stinger 1
a: no special abilities


You were on level 2 of the Dungeon.
You visited 1 branch of the dungeon, and saw 2 of its levels.

You collected 76 gold pieces.


Innate Abilities, Weirdness & Mutations

Spells you cast may paralyse adjacent enemies.
You have a small tail.


   Skills:
 + Level 2.6 Fighting
 * Level 3.5 Polearms
 - Level 1.7 Dodging
 - Level 2.0 Spellcasting
 - Level 3.0 Conjurations


You had 5 spell levels left.
You knew the following spells:

 Your Spells              Type           Power      Damage    Failure   Level
a - Kiss of Death         Conj/Necr      24%        2d7       16%         1

Your spell library contained the following spells:

 Spells                   Type           Power      Damage    Failure   Level
 Momentum Strike          Conj/Tloc      12%        3d8       22%         2
 Sandblast                Erth           2%         2d4       28%         1
 Hailstorm                Conj/Ice       6%         3d5       41%         3
 Stone Arrow              Conj/Erth      12%        3d7       41%         3
 Passwall                 Erth           1%         N/A       63%         3

Inventory:

Hand Weapons
 a - a +0 spear (weapon)
Armour
 b - a +0 leather armour (worn)
Scrolls
 d - a scroll of noise {unknown}
 f - a scroll of brand weapon {unknown}
 g - a scroll of butterflies {unknown}
Potions
 c - a potion of curing {unknown}
 e - a potion of haste {unknown}

...#.#...#####
)..#.#.......#
...#....####.#
##......####.#
#......†.##.#
##.....#...#.#
.......##..#.#
#########....#########.#
#)..........@l......
#####.########.###.....?
....# #.## ..... .##.#
#..## .... ###.# ##..#
... ....# ##.# ## #####
#... .# ##### ##


You could see a frilled lizard.


Message History

You aren't carrying any items that you can evoke.
Unknown command.
Okay, then.
Okay, then.
You completely miss the adder.
You feel sick. The adder bites you but does no damage.
You take 1 damage, and have 20/23 hp.
You hit the adder.
You feel sick. The adder closely misses you.
You take 1 damage, and have 19/23 hp.
You barely miss the adder.
You feel sick. The adder bites you but does no damage.
The adder closely misses you.
You take 1 damage, and have 18/23 hp.
You miss the adder.
You feel sick.
You are no longer poisoned.
The adder barely misses you.
You take 1 damage, and have 17/23 hp.
Unknown command.
You closely miss the adder. The adder bites you but does no damage.
You hit the adder. The adder barely misses you.
You hit the adder.
You kill the adder!
You have reached level 3!
Your experience leads to an increase in your attributes!
Increase (s)trength, (i)ntelligence, or (d)exterity?
You feel clever. x2
You feel monstrous as your demonic heritage exerts itself.
Your demonic ancestry asserts itself...
You grow a small tail.
You regained 4 hp, and now have 22/28 hp.
MP restored: 6

Action                     || total
---------------------------++-------
  Melee: Spear             ||   101
   Stab: Sleeping          ||     1
 Armour: Leather armour    ||    58
  Dodge: Dodged            ||    32

Levels and vault maps discovered:
D:1:      mrwooster_arrival_statue, layout_basic, serial_rivers,
          chequers_serial_rivers_micro_c, chequers_serial_rivers_micro_d,
          chequers_serial_rivers_room_a, chequers_serial_rivers_room_a,
          hex_medium
D:2:      layout_basic

Notes
Turn   | Place    | Note
-------+----------+-------------------------------------------
     0 | D:1      | araganzar the Demonspawn Reaver began the quest for the
                  | Orb.
     0 | D:1      | Reached XP level 1. HP: 16/16 MP: 3/3
   124 | D:1      | Reached skill level 3 in Polearms
   130 | D:1      | Gained mutation: Spells you cast may paralyse adjacent
                  | enemies. [demonic ancestry]
   130 | D:1      | Reached XP level 2. HP: 22/22 MP: 5/5
  1123 | D:2      | Discovered your monstrous ancestry.
  1123 | D:2      | Gained mutation: You have a small tail. [demonic ancestry]
  1123 | D:2      | Reached XP level 3. HP: 22/28 MP: 6/6
  1123 | D:2      | Quit the game

Vanquished Creatures
  An adder (D:2)
  3 endoplasms (D:1)
  2 giant cockroaches (D:1)
  2 hobgoblins
  2 jackals (D:1)
  A kobold (D:1)
  A quokka (D:1)
  5 ball pythons
  3 bats
  2 frilled lizards (D:1)
  4 rats (D:1)
26 creatures vanquished.
